 Dungeon Crawl Stone Soup version 0.20.1-1-g8b1a95d (webtiles) character file.

1323 KoningWillie the Slasher (level 8, -4/68 HPs)
             Began as a Minotaur Fighter on Oct 27, 2017.
             Slain by a troll (5 damage)
             ... on level 9 of the Dungeon.
             The game lasted 00:13:39 (4488 turns).

KoningWillie the Slasher (Minotaur Fighter)         Turns: 4488, Time: 00:13:40

Health: -4/68      AC:  8    Str: 22    XL:     8   Next: 33%
Magic:  7/7        EV: 11    Int:  5    God:
Gold:   112        SH:  0    Dex: 11    Spells: 7/7 levels left

rFire    . . .     SeeInvis .   t - +0 great sword (curse)
rCold    . . .     Gourm    .   (shield currently unavailable)
rNeg     . . .     Faith    .   b - +1 scale mail
rPois    .         Spirit   .   (helmet restricted)
rElec    .         Reflect  .   (no cloak)
rCorr    .         Harm     .   (no gloves)
MR       .....                  (no boots)
Stlth    ..........             (no amulet)
Regen    0.3/turn               (no ring)
MPRegen  0.1/turn               (no ring)

@: about to teleport
A: retaliatory headbutt, horns 2
a: no special abilities


You were on level 9 of the Dungeon.
You were not hungry.

You visited 1 branch of the dungeon, and saw 7 of its levels.

You collected 112 gold pieces.

Inventory:

Hand Weapons
 a - a +1 long sword
 j - a +0 dagger
 t - a cursed +0 great sword (weapon)
Armour
 b - a +1 scale mail (worn)
Wands
 r - a wand of disintegration (2/24)
Scrolls
 c - a scroll of recharging {unknown}
 e - a scroll of teleportation
 f - 3 scrolls of remove curse
 k - a scroll of identify
 m - a scroll of magic mapping
Potions
 d - 2 potions of might
 g - 4 potions of agility
 h - a potion of curing {unknown}
 l - a potion of invisibility {unknown}
 p - a potion of brilliance {unknown}
 q - 3 potions of magic {unknown}
 s - a potion of heal wounds {unknown}
Books
 i - a book of Cantrips

   Spells                             Type                      Level
   a - Confusing Touch                Hexes                        1
   b - Animate Skeleton               Necromancy                   1
   c - Summon Small Mammal            Summoning                    1
   d - Apportation                    Translocation                1
Comestibles
 n - 2 royal jellies


   Skills:
 + Level 5.2 Fighting
 + Level 7.9 Long Blades
 + Level 7.0 Armour
 + Level 2.9 Dodging
 + Level 1.4 Stealth
   Level 5.9 Shields
 + Level 0.3 Evocations


You had 7 spell levels left.
You didn't know any spells.

Dungeon Overview and Level Annotations

Branches:
Dungeon (7/15)
 Temple: D:4-7

Altars:
Okawaru
Ru
Uskayaw
Yredelemnul

Shops:
D:7 }

Annotations:
D:3 t3hbunneh's ghost, amateur DsFi


Innate Abilities, Weirdness & Mutations

You reflexively headbutt those who attack you in melee.
You have a pair of horns on your head.


Message History

Your Armour skill increases to level 7!
The troll misses you. The troll claws you. The troll completely misses you.
You see here a wyvern corpse.
You barely miss the troll. The troll bites you! The troll claws you.
The troll claws you but does no damage.
You closely miss the troll. You headbutt the troll!
The troll is moderately wounded.
The troll bites you. The troll misses you. The troll closely misses you.
You barely miss the troll. You headbutt the troll.
The troll is moderately wounded.
The troll bites you!
* * * LOW HITPOINT WARNING * * *
The troll claws you but does no damage. The troll barely misses you.
The troll bites you!
* * * LOW HITPOINT WARNING * * *
The troll closely misses you. x2
Okay, then.
As you read the scroll of teleportation, it crumbles to dust.
You feel strangely unstable. The troll misses you. The troll claws you.
You die...

###
...?.##########..#
.......@T........#
.#########.####.#
#.# .. #.###...(
#.....# #.###....
#.### ## #T..#
#.#.#


You could see a troll.

Vanquished Creatures
  A wyvern (D:9)
  A hungry ghost (D:7)
  An orc warrior (D:6)
  2 ogres (D:6)
  A centaur (D:6)
  3 bullfrogs
  3 wights (D:6)
  2 howler monkeys
  A quasit (D:6)
  A hound (D:6)
  An orc priest (D:6)
  A bullfrog skeleton (D:6)
  2 iguanas
  3 adders
  4 gnolls (D:6)
  An adder skeleton (D:6)
  2 worms
  2 dart slugs
  4 leopard geckos
  5 orcs
  5 giant cockroaches
  7 goblins
  3 hobgoblins
  9 jackals
  3 quokkas
  2 ball pythons (D:2)
  6 bats (D:1)
  4 frilled lizards
  9 kobolds
  2 rats (D:1)
91 creatures vanquished.

Vanquished Creatures (others)
  An ogre (D:7)
1 creature vanquished.

Grand Total: 92 creatures vanquished

Notes
Turn   | Place    | Note
-------+----------+-------------------------------------------
     0 | D:1      | KoningWillie the Minotaur Fighter began the quest for the Orb.
     0 | D:1      | Reached XP level 1. HP: 19/19 MP: 0/0
   203 | D:1      | Reached XP level 2. HP: 24/27 MP: 1/1
   572 | D:1      | Reached XP level 3. HP: 33/33 MP: 2/2
  1247 | D:2      | Reached skill level 1 in Dodging
  1831 | D:3      | Found a hide-covered altar of Uskayaw.
  1918 | D:3      | Found a basalt altar of Yredelemnul.
  1963 | D:3      | Noticed t3hbunneh's ghost (amateur DsFi)
  2210 | D:4      | Reached XP level 4. HP: 40/40 MP: 3/3
  2231 | D:4      | Noticed a slave
  2232 | D:4      | Noticed a slave
  2351 | D:3      | You fall through a shaft for 3 floors!
  2436 | D:6      | Reached XP level 5. HP: 41/46 MP: 4/4
  2698 | D:6      | Reached skill level 5 in Armour
  2716 | D:6      | Reached skill level 5 in Long Blades
  2716 | D:6      | Reached XP level 6. HP: 53/53 MP: 5/5
  2830 | D:6      | Found an iron altar of Okawaru.
  2852 | D:6      | Reached skill level 5 in Shields
  2955 | D:6      | Noticed an orc warrior
  2974 | D:6      | Killed an orc warrior
  3218 | D:6      | Reached XP level 7. HP: 34/60 MP: 6/6
  3741 | D:6      | Found a sacrificial altar of Ru.
  3919 | D:6      | Reached skill level 1 in Stealth
  4296 | D:7      | Reached skill level 5 in Fighting
  4296 | D:7      | Reached XP level 8. HP: 65/68 MP: 7/7
  4406 | D:7      | Found Tiloke's Gadget Boutique.
  4453 | D:7      | You fall through a shaft for 2 floors!
  4453 | D:9      | Noticed a troll
  4487 | D:9      | HP: 1/68 [troll (12)]
  4488 | D:9      | Slain by a troll

Skill      XL: |  1  2  3  4  5  6  7  8 |
---------------+-------------------------+-----
Fighting       | 4 5 |  5.2
Armour         | 4 5 6 7 |  7.0
Long Blades    | 3 5 6 7 |  7.9
Dodging        | 1 2 |  2.9
Shields        | 4 5 |  5.9
Stealth        | 1 |  1.4
Evocations     | |  0.3

Action                   |  1- 3 |  4- 6 |  7- 9 || total
-------------------------+-------+-------+-------++-------
Melee: Long sword        |   144 |   101 |    35 ||   280
       Headbutt          |    19 |    18 |    14 ||    51
       Great sword       |       |       |    31 ||    31
Evoke: Wand              |       |     1 |     2 ||     3
  Use: Scroll            |    10 |     1 |     3 ||    14
 Stab: Paralysed         |       |       |     1 ||     1
  Eat: Bread ration      |     1 |     1 |     1 ||     3
       Chunk             |       |     1 |       ||     1
       Meat ration       |       |       |     1 ||     1
Armor: Scale mail        |    99 |    72 |    22 ||   193
Dodge: Dodged            |    61 |    61 |    42 ||   164
Block: Shield            |   102 |    84 |    20 ||   206
       Rpst.: Long sword |    18 |     9 |     3 ||    30
       Great sword       |       |       |     5 ||     5
